 Dungeon Crawl Stone Soup version 0.23.1 (webtiles) character file.

Game seed: 4326928729684011463

56 Irenicus the Scratcher (level 3, -2/17 HPs)
             Began as a Felid Chaos Knight on Mar 12, 2019.
             Was a Plaything of Xom.
             Killed by divine providence
             ... invoked by an orc priest
              (8 damage)
             ... on level 3 of the Dungeon.
             The game lasted 00:05:37 (847 turns).

Irenicus the Scratcher (Felid Chaos Knight)          Turns: 847, Time: 00:05:38

Health: -2/17      AC:  3    Str:  8    XL:     3   Next: 71%
Magic:  4/4        EV: 20    Int: 14    God:    Xom [...*..]
Gold:   53         SH:  0    Dex: 15    Spells: 2/2 levels left
                                        Lives:  0   Deaths: 1

rFire    . . .     SeeInvis +     - Unarmed
rCold    . . .     Gourm    .   (shield unavailable)
rNeg     . . .     Faith    .   (armour unavailable)
rPois    .         Spirit   .   (helmet unavailable)
rElec    .         Reflect  .   (cloak unavailable)
rCorr    .         Harm     .   (gloves unavailable)
MR       .....                  (boots unavailable)
Stlth    ++........             (no amulet)
HPRegen  0.05/turn              f - +2 ring of protection
MPRegen  0.09/turn              (no ring)

@: quick
A: very small, no armour, no weapons or thrown items, stealth, claws 1, fangs 3,
see invisible, carnivore, speed 1, shaggy fur 1, slow metabolism 1, sharp paws
a: Renounce Religion


You were on level 3 of the Dungeon.
You worshipped Xom.
You were a favourite toy of Xom.
You were not hungry.

You visited 1 branch of the dungeon, and saw 3 of its levels.

You collected 53 gold pieces.

Inventory:

Jewellery
 f - a +2 ring of protection (left paw)
   (You found it on level 1 of the Dungeon)
Scrolls
 b - a scroll of identify {unknown}
 c - 2 scrolls of random uselessness {unknown}
 d - a scroll of teleportation {unknown}
 e - 4 scrolls of remove curse {unknown}
 g - a scroll of magic mapping {unknown}
Comestibles
 a - 3 rations


   Skills:
 - Level 3.0 Fighting
 + Level 4.6 Dodging
 + Level 4.9 Unarmed Combat


You had 2 spell levels left.
You didn't know any spells.
Your spell library was empty.

Dungeon Overview and Level Annotations

Branches:
Dungeon (3/15)

Altars:
Ru

Annotations:
D:2 Sigmund
D:3 Natasha


Innate Abilities, Weirdness & Mutations

You cannot wear armour.
You are incapable of wielding weapons or throwing items.
Your paws allow you to move quietly. (Stealth)
You have sharp claws.
You have razor-sharp teeth.
You have supernaturally acute eyesight. (SInv)
You are carnivorous and can eat meat at any time.
You cover ground quickly.
You are covered in fur. (AC +1)
You have a slow metabolism.
Your sharp claws are effective at attacking unaware monsters.


Message History

The hobgoblin shouts!
A kobold comes into view.
A hobgoblin comes into view. It is wielding a +0 club.
The kobold shouts!
The hobgoblin hits you but does no damage.
A hobgoblin comes into view. It is wielding a +0 club.
The hobgoblin shouts! x2
You scratch the hobgoblin. The hobgoblin hits you with a +0 club.
You take 1 damage, and have 7/21 hp.
You scratch the hobgoblin. You claw the hobgoblin.
You kill the hobgoblin!
The kobold throws a stone.
The stone completely misses you. The hobgoblin hits you with a +0 club.
* * * LOW HITPOINT WARNING * * *
Things that are here:
a +0 club; a hobgoblin corpse You take 3 damage, and have 4/21 hp.
You claw the hobgoblin!
You kill the hobgoblin!
You scratch the kobold but do no damage.
You scratch the kobold but do no damage.
The kobold hits you.
* * * LOW HITPOINT WARNING * * *
You take 2 damage, and have 2/21 hp.
You scratch the kobold.
You kill the kobold!
You see here a stone.
A worker ant comes into view.
Natasha, Servant of Life and Death comes into view.
Xom guffaws.
Malign forces permeate your being, awaiting release.
Found a stone staircase leading down.
You aren't carrying any potions.
You barely miss Natasha. Natasha claws you.
You die...
Xom snickers!
You are now level 3!
Xom thinks this is hilarious!
You rejoin the land of the living...
Health restored: 17 You now have 4/4 mp.
A quokka comes into view.
You barely miss the quokka. The quokka misses you.
You completely miss the quokka. The quokka misses you.
You barely miss the quokka. The quokka completely misses you.
You scratch the quokka. The quokka completely misses you.
You claw the quokka!
You kill the quokka!
An orc priest comes into view. It is wielding a +0 hand axe.
The orc priest shouts!
An orc priest comes into view. It is wielding a +0 short sword.
The orc priest shouts!
An orc comes into view. It is wielding a +0 club.
The orc priest calls down the wrath of Beogh upon you.
Beogh smites you!
Ouch! That really hurt!
A shower of butterflies erupts from you!
You hear a shout!
You take 10 damage, and have 7/17 hp.
MASSIVE DAMAGE!!
You swap places.
You swap places.
The orc priest hits your butterfly with a +0 hand axe.
Your butterfly dies!
A bat comes into view.
The bat completely misses you. The bat barely misses you.
You see here a green potion.
h - a green potion The bat misses you.
You closely miss the bat. The bat misses you. The bat closely misses you.
You barely miss the bat. The bat completely misses you.
The bat hits you but does no damage. The bat barely misses you.
The bat completely misses you. The bat hits you but does no damage.
The bat completely misses you.
You scratch the bat. The bat closely misses you.
You miss the bat. The bat barely misses you.
The bat hits you but does no damage.
You scratch the bat.
You kill the bat!
You see here 25 sling bullets.
Found a stone staircase leading up.
Okay, then.
It was a potion of curing.
You feel better.
Health restored: 17 You scratch the orc priest.
The orc priest hits you with a +0 short sword.
You take 4 damage, and have 13/17 hp.
MASSIVE DAMAGE!!
You claw the orc priest!
The orc priest hits you with a +0 short sword!
You take 7 damage, and have 6/17 hp.
MASSIVE DAMAGE!!
You barely miss the orc priest. The orc priest closely misses you.
You barely miss the orc priest. "This might be better!"
The orc evaporates and reforms as a quokka!
The orc priest invokes the aid of Beogh against you.
Beogh smites you!
You die...
Xom howls with laughter!

.# .# ## .# <..
########## #.#
o........#. #.#
########.#.# #.# #
#.#.# #.# # #o#.#
#.#####.# # #.#.#
#.@.....# # ##.#.#
#o##.#### #
#..#.####o##.# #
#.##.o..r....#
#######.##.#########
...........#
#######.#### #.# #.#


You could see 2 orc priests and a quokka.

Vanquished Creatures
  Robin (D:2)
  2 gnolls (D:2)
  An adder (D:3)
  A ball python (D:1)
  13 goblins
  6 hobgoblins
  2 jackals (D:2)
  6 kobolds
  A quokka (D:3)
  6 bats
  3 rats
42 creatures vanquished.

Vanquished Creatures (collateral kills)
  A scorpion (D:2)
  A gnoll (D:2)
2 creatures vanquished.

Grand Total: 44 creatures vanquished

Notes
Turn   | Place    | Note
-------+----------+-------------------------------------------
     0 | D:1      | Irenicus the Felid Chaos Knight began the quest for the
                  | Orb.
     0 | D:1      | Reached XP level 1. HP: 10/10 MP: 2/2
   174 | D:1      | XOM: harmless Chrm miscast
   209 | D:1      | Reached XP level 2. HP: 14/14 MP: 3/3
   281 | D:1      | XOM: harmless Air miscast
   356 | D:2      | XOM: 3-stop teleportation journey
   386 | D:2      | XOM: harmless Conj miscast
   390 | D:2      | Reached skill level 4 in Unarmed Combat
   419 | D:2      | Noticed a scorpion
   431 | D:2      | XOM: summons 2 friendly demons
   432 | D:2      | Reached XP level 3. HP: 15/17 MP: 4/4
   447 | D:2      | Killed a scorpion
   451 | D:2      | Reached skill level 4 in Dodging
   451 | D:2      | Reached XP level 4. HP: 20/21 MP: 5/5
   463 | D:2      | Found a sacrificial altar of Ru.
   533 | D:2      | Noticed Sigmund
   535 | D:2      | XOM: cast spell 'Chain of Chaos'
   538 | D:2      | HP: 3/21 [Sigmund/puff of flame (9)]
   550 | D:2      | Noticed Robin
   554 | D:2      | HP: 2/21 [hobgoblin[Robin] (1)]
   572 | D:2      | Xom revived you
   575 | D:2      | Killed Robin
   595 | D:2      | HP: 3/21 [goblin/+0 dagger[Robin] (2)]
   682 | D:3      | XOM: polymorph crimson imp -> quasit
   683 | D:3      | XOM: 1-stop teleportation journey
   711 | D:3      | HP: 4/21 [hobgoblin/+0 club (3)]
   734 | D:3      | Noticed Natasha
   735 | D:3      | XOM: cast spell 'Death Channel'
   742 | D:3      | Slain by Natasha
   743 | D:3      | Reached XP level 3. HP: -2/17 MP: 4/4
   781 | D:3      | XOM: butterfly on damage
   847 | D:3      | XOM: polymorph orc -> quokka
   847 | D:3      | Killed from afar by an orc priest

Skill      XL: |  1  2  3 |
---------------+----------+-----
Unarmed Combat | 4 |  4.9
Dodging        | 4 |  4.6
Fighting       | |  3.0

Action                   |  1- 3 |  4- 6 || total
-------------------------+-------+-------++-------
Melee: Unarmed           |    76 |    44 ||   120
       Bite              |     5 |     2 ||     7
       Punch             |     1 |     1 ||     2
  Use: Potion            |     1 |     1 ||     2
 Stab: Sleeping          |     2 |     1 ||     3
  Eat: Chunk             |       |     4 ||     4
Armor: Skin              |    10 |     3 ||    13
Dodge: Dodged            |    72 |    17 ||    89

Levels and vault maps discovered:
D:1:      lemuel_arrival_hallway, layout_loops_ring
D:2:      layout_loops_cross, first_ration, nicolae_ru_awakened_eye, uniq_robin,
          uniq_sigmund
D:3:      layout_loops_ring, uniq_crazy_yiuf_cottage, uniq_terence, uniq_natasha

Table legend:
 A = Turns spent in this place as a percentage of turns spent in the entire game.
 B = Non-inter-level travel turns spent in this place as a percentage of non-inter-level travel turns spent in the entire game.
 C = Inter-level travel turns spent in this place as a percentage of turns spent in this place.
 D = Turns resting spent in this place as a percentage of non-inter-level travel turns spent in this place.
 E = Turns spent auto-exploring this place as a percentage of non-inter-level travel turns spent in this place.
 F = Non-inter-level travel turns spent in this place divided by the number of levels of this place that you've seen.
                   A       B       C       D       E      F
               +-------+-------+-------+-------+-------+----------------------
         Total | 100.0 | 100.0 |   0.0 |   0.0 |   0.0 | 282.3
       Dungeon | 100.0 | 100.0 |   0.0 |   0.0 |   0.0 | 282.3
               +-------+-------+-------+-------+-------+----------------------

Table legend:
 A = Kills in this place as a percentage of kills in entire the game.
 B = Kills by you in this place as a percentage of kills by you in the entire game.
 C = Kills by friends in this place as a percentage of kills by friends in the entire game.
 D = Other kills in this place as a percentage of other kills in the entire game.
 E = Experience gained in this place as a percentage of experience gained in the entire game.
 F = Experience gained in this place divided by the number of levels of this place that you have seen.
                   A       B       C       D       E      F
               +-------+-------+-------+-------+-------+----------------------
         Total | 100.0 | 100.0 | 100.0 |   N/A | 100.0 |  55.7
       Dungeon | 100.0 | 100.0 | 100.0 |   N/A | 100.0 |  55.7
               +-------+-------+-------+-------+-------+----------------------
